 Dungeon Crawl Stone Soup version 0.27-a0-1154-gfdeffcb720 (webtiles) character file.

Game seed: 8891586639322033097

198 robertstho the Magician (level 6, -6/40 HPs)
             Began as a Djinni Fire Elementalist on May 14, 2021.
             Mangled by an orc priest
             ... wielding a +0 flail
              (9 damage)
             ... on level 3 of the Dungeon.
             The game lasted 00:03:39 (2916 turns).

robertstho the Magician (Djinni Fire Elementalist)  Turns: 2916, Time: 00:03:39

Health: -6/40      AC:  4    Str:  7    XL:     6   Next: 6%
Gold:   21         EV: 12    Int: 19    God:
                   SH:  0    Dex: 13

rFire    + + .     SeeInvis .   g - +2 dagger (venom)
rCold    x . .     Faith    .   (no shield)
rNeg     . . .     Spirit   .   a - +0 robe
rPois    ∞         Reflect  .   (no helmet)
rElec    .         Harm     .   (no cloak)
rCorr    .         Rampage  .   f - +1 pair of gloves
Will     .....                  (boots unavailable)
Stlth    ++........             (no amulet)
HPRegen  0.13/turn              (no ring)
MPRegen  0.00/turn              (no ring)

@: flying
A: sickness immunity, fire resistance 2, cold vulnerability 1, float, innate
caster, hp casting, extra vitality 1
a: no special abilities


You were on level 3 of the Dungeon.
You visited 1 branch of the dungeon, and saw 3 of its levels.

You collected 84 gold pieces.
You spent 63 gold pieces at shops.

Inventory:

Hand Weapons
 g - a +2 dagger of venom (weapon)
Armour
 a - a +0 robe (worn)
 f - a +1 pair of gloves (worn)
Scrolls
 b - a scroll of fog {unknown}
 d - a scroll of enchant armour
 e - 2 scrolls of noise {unknown}
 j - a scroll of teleportation {unknown}
Potions
 c - a potion of curing
 h - 2 potions of attraction {unknown}
 i - a potion of cancellation


   Skills:
 + Level 0.1 Fighting
 + Level 2.9 Dodging
 + Level 2.7 Stealth
 + Level 4.1 Spellcasting


You couldn't memorise any spells.
You knew the following spells:

 Your Spells              Type           Power      Damage    Failure   Level
a - Foxfire               Conj/Fire      76%        2x1d7     2%          1
b - Conjure Flame         Conj/Fire      19%        6-21      8%          3
c - Inner Flame           Hex/Fire       19%        N/A       8%          3
d - Sticky Flame          Conj/Fire      19%        2d4       24%         4
e - Fireball              Conj/Fire      9%         3d6       56%         5
f - Sting                 Tmut/Pois      76%        1d6       2%          1
g - Ensorcelled Hibernat  Hex/Ice        38%        N/A       3%          2
Your spell library was empty.

Dungeon Overview and Level Annotations

Branches:
Dungeon (3/15)

Altars:

Shops:
D:2 *!([

Annotations:
D:2 189 halberd
D:3 Ijyb


Innate Abilities, Weirdness & Mutations

You are immune to sickness and miasma.
You are immune to poison.
Your flesh is very heat resistant. (rF++)
You are vulnerable to cold. (rC-)
You float through the air rather than walking.
You learn spells naturally, not from books.
Your magical power is your life essence.
You have superior vitality. (+4 HP)


Message History

The foxfire hits the goblin.
The goblin is severely wounded.
You hear a shout!
Casting: Foxfire (safe; 2% risk of failure)
Press: ? - help, Q - select action, (/) - cycle Dir - look around, f - activate You conjure some foxfire!
You hear a shout!
The foxfire hits Ijyb.
Ijyb is heavily wounded.
The foxfire hits the orc priest.
The orc priest is moderately wounded.
You hear a shout!
Casting: Foxfire (safe; 2% risk of failure)
Press: ? - help, Q - select action, (/) - cycle Dir - look around, f - activate You conjure some foxfire!
You hear a shout!
The foxfire hits the goblin.
The goblin is heavily wounded.
The foxfire hits the orc priest.
The orc priest is moderately wounded.
A goblin comes into view. It is wielding a +0 dagger.
Casting: Foxfire (safe; 2% risk of failure)
Press: ? - help, Q - select action, (/) - cycle Dir - look around, f - activate You conjure some foxfire!
The foxfire hits the goblin!
You kill the goblin!
The foxfire hits Ijyb.
Ijyb is almost dead.
An orc comes into view. It is wielding a +2 vorpal war axe.
Ijyb zaps a wand.
The mass of ice explodes!
The iceblast engulfs you!!
You feel a painful chill!
* * * LOW HITPOINT WARNING * * *
The iceblast engulfs your foxfire!! x2
You hear a shout! x3; You hear an angry hiss.
As you read the scroll labelled MED KAOTHI, it crumbles to dust.
It is a scroll of enchant armour.
Your +0 pair of gloves glows green for a moment.
The goblin hits you but does no damage.
The orc priest hits you with a +0 flail!
You die...

###.#.##########
...............
#.#.#...###### ##
#..§..#.#
###.########...#.#
##.>........#.....#
......o...........#
..<.g)go....##...##
..g.ggg@.............
....g.J§.#####...####
..#........ ....#
#..............#
#.(............#
#.........?.#.##
##..........#
#..........#


You could see Ijyb, an orc priest, an orc, an endoplasm and 6 goblins.

Vanquished Creatures
  An orc priest (D:3)
  Natasha (thrice) (D:2)
  5 adders
  A worm (D:3)
  A dart slug (D:1)
  4 orcs (D:3)
  2 giant cockroaches (D:1)
  8 goblins
  3 hobgoblins
  3 quokkas
  3 ball pythons
  4 bats
  2 frilled lizards
  2 kobolds
  A rat (D:3)
43 creatures vanquished.

Vanquished Creatures (collateral kills)
  2 foxfires (D:2)
2 creatures vanquished.

Vanquished Creatures (others)
  235 foxfires
  4 plants (D:2)
239 creatures vanquished.

Grand Total: 284 creatures vanquished

Notes
Turn   | Place    | Note
-------+----------+-------------------------------------------
     0 | D:1      | robertstho the Djinni Fire Elementalist began the quest for
                  | the Orb.
     0 | D:1      | Reached XP level 1. HP: 15/15 MP: 0/0
   454 | D:1      | Reached XP level 2. HP: 19/21 MP: 0/0
  1347 | D:2      | Found Gaivvyll's Assorted Antiques.
  1427 | D:2      | Bought a scroll labelled ITROACRUERR for 17 gold pieces
  1427 | D:2      | Bought a scroll labelled BAXUOVV VESEE for 17 gold pieces
  1427 | D:2      | Bought a fizzy pink potion for 15 gold pieces
  1437 | D:2      | Reached skill level 3 in Spellcasting
  1438 | D:2      | Reached XP level 3. HP: 19/25 MP: 0/0
  1438 | D:2      | Learned a level 1 spell: Sting
  1582 | D:2      | Noticed Natasha
  1587 | D:2      | Killed Natasha
  1588 | D:2      | Reached XP level 4. HP: 26/31 MP: 0/0
  1764 | D:2      | Found Gomemyul's Antique Armour Emporium.
  1843 | D:2      | Noticed Natasha
  1852 | D:2      | Killed Natasha
  1994 | D:2      | Noticed Natasha
  2000 | D:2      | Killed Natasha
  2001 | D:2      | Reached XP level 5. HP: 27/35 MP: 0/0
  2001 | D:2      | Learned a level 2 spell: Ensorcelled Hibernation
  2082 | D:2      | Found Qukkion's Distillery.
  2087 | D:2      | Found Jihile's Antique Weapon Shop.
  2089 | D:2      | Bought a potion of degeneration for 14 gold pieces
  2719 | D:3      | Reached skill level 4 in Spellcasting
  2720 | D:3      | Reached XP level 6. HP: 34/40 MP: 0/0
  2907 | D:3      | Noticed Ijyb
  2916 | D:3      | Mangled by an orc priest

Illustrated notes

Levels and vault maps discovered:
D:1:      dpeg_arrival_water_temple_mockup, layout_basic
D:2:      layout_rooms, serial_shops, shop, shop, shop_fountains, shop,
          minmay_misc_feat_hallway, chequers_big_river, st_stairs_7,
          uniq_natasha
D:3:      layout_basic, uniq_robin, uniq_ijyb

Skill      XL: |  1  2  3  4  5 |
---------------+----------------+-----
Spellcasting   | 3 4 |  4.1
Stealth        | 2 |  2.7
Fighting       | |  0.1
Dodging        | |  2.9

Action                   |  1- 3 |  4- 6 || total
-------------------------+-------+-------++-------
Melee: Unarmed           |     1 |       ||     1
 Cast: Foxfire           |    50 |    87 ||   137
  Use: Scroll            |     3 |     1 ||     4
Armor: Robe              |     2 |     2 ||     4
Dodge: Dodged            |     7 |     1 ||     8

Table legend: (Time is in decaauts)
 A = Elapsed time spent in this place.
 B = Non-inter-level travel time spent in this place.
 C = Inter-level travel time spent in this place.
 D = Time resting spent in this place.
 E = Time spent auto-exploring this place.
 F = Levels seen in this place.
 G = Mean time per level.
                   A        B        C        D        E       F      G
               +--------+--------+--------+--------+--------+-----+--------+
         Total |   2915 |   2878 |     37 |      0 |   2626 |   3 |  971.7 |
       Dungeon |   2915 |   2878 |     37 |      0 |   2626 |   3 |  971.7 |
               +--------+--------+--------+--------+--------+-----+--------+

Top non-repeatable levels by time:
     D:1: 1213 daAuts
     D:2: 1102 daAuts
     D:3: 599 daAuts
